 Dungeon Crawl Stone Soup version 0.28-a0-1159-g27aa881441 (webtiles) character file.

Game seed: 7362107142938373964

2399 Essalna the Gusty (level 9, -2/68 HPs)
             Began as a Demonspawn Air Elementalist on Dec 15, 2021.
             Slain by a vampire (7 damage)
             ... on level 6 of the Dungeon.
             The game lasted 00:14:35 (6994 turns).

Essalna the Gusty (Demonspawn Air Elementalist)     Turns: 6994, Time: 00:14:36

Health: -2/68      AC:  6    Str:  9    XL:     9   Next: 23%
Magic:  5/26       EV: 13    Int: 21    God:
Gold:   299        SH:  0    Dex: 13    Spells: 11/19 levels left

rFire   + . .      SeeInvis .   f - +3 short sword (venom)
rCold   . . .      Faith    .   (no shield)
rNeg    . . .      Spirit   .   g - +0 leather armour {rF+}
rPois   +          Reflect  .   (helmet restricted)
rElec   .          Harm     .   d - +2 cloak {rPois}
rCorr   .          Rampage  .   (no gloves)
Will    +....                   (no boots)
Stlth   ++........              (no amulet)
HPRegen 0.21/turn               i - ring of willpower
MPRegen 0.20/turn               m - ring of magical power

@: very slightly contaminated
A: antennae 1, demonic guardian 1, spiny 2
a: no special abilities


You were on level 6 of the Dungeon.
You visited 1 branch of the dungeon, and saw 6 of its levels.

You collected 299 gold pieces.

Inventory:

Hand Weapons
 c - a +0 dagger
 f - a +3 short sword of venom (weapon)
Armour
 a - a +0 robe
 d - a +2 cloak of poison resistance (worn)
 g - a +0 leather armour of fire resistance (worn)
 j - a +1 helmet
Magical Staves
 p - a staff of fire
Jewellery
 i - a ring of willpower (left hand)
 m - a ring of magical power (right hand)
 v - a +6 ring of strength
 A - an amulet of guardian spirit
Wands
 u - a wand of iceblast (9)
 E - a wand of paralysis (10)
Scrolls
 e - 3 scrolls of identify
 h - a scroll of teleportation
 n - 2 scrolls of noise
 s - a scroll of amnesia
 y - 2 scrolls of enchant armour
Potions
 b - a potion of attraction
 k - a potion of haste
 l - a potion of might {unknown}
 o - 3 potions of brilliance {unknown}
 q - a potion of curing
 w - a potion of mutation {unknown}
 z - 2 potions of berserk rage {unknown}
 B - a potion of degeneration {unknown}


   Skills:
 + Level 5.4 Fighting
 - Level 3.0 Armour
 + Level 5.3 Dodging
 - Level 1.7 Stealth
 + Level 5.7 Spellcasting
 - Level 3.0 Conjurations
 + Level 6.0 Air Magic


You had 11 spell levels left.
You knew the following spells:

 Your Spells              Type           Power      Damage    Failure   Level
a - Shock                 Conj/Air       100%       1d9       2%          1
b - Airstrike             Air            15%        N/A       11%         4
c - Swiftness             Air            31%        N/A       3%          3

Your spell library contained the following spells:

 Spells                   Type           Power      Damage    Failure   Level
 Static Discharge         Conj/Air       25%        N/A       3%          2
 Beastly Appendage        Tmut           10%        N/A       14%         1
 Wereblood                Tmut           5%         N/A       21%         2
 Inner Flame              Hex/Fire       5%         N/A       38%         3
 Spider Form              Tmut/Pois      5%         N/A       38%         3
 Sticky Flame             Conj/Fire      12%        2d4       58%         4
 Silence                  Hex/Air        9%         N/A       73%         5
 Cause Fear               Hex            2%         N/A       80%         4
 Dispel Undead            Necr           5%         3d7       80%         4
 Passage of Golubria      Tloc           5%         N/A       80%         4
 Summon Forest            Summ/Tloc      2%         N/A       98%         5
 Eringya's Noxious Bog    Tmut/Pois      2%         N/A       100%        6
 Summon Hydra             Summ           2%         N/A       100%        7
 Discord                  Hex            2%         N/A       100%        8
 Lehudib's Crystal Spear  Conj/Erth      6%         10d3      100%        8


Dungeon Overview and Level Annotations

Branches:
Dungeon (6/15)
 Temple: D:4-7

Altars:
Qazlal

Shops:
D:2 *

Annotations:
D:5 2 runed translucent doors, fly's ghost, weakling MfDe


Innate Abilities, Weirdness & Mutations

You have a pair of small antennae on your head.
A weak demonic guardian rushes to your aid.
You are mostly covered in sharp spines.


Message History

Confirm with . or Enter, or press ? or * to list all spells.
Aiming: Shock (safe; 2% risk of failure)
Press: ? - help, Shift-Dir - straight line The zap hits something.
Something hits you but does no damage. Something bites you!
Something draws strength from your injuries!
Casting: Shock (safe; 2% risk of failure)
Confirm with . or Enter, or press ? or * to list all spells.
Aiming: Shock (safe; 2% risk of failure)
Press: ? - help, Shift-Dir - straight line The zap hits something but does no damage.
Something hits you. Something bites you!
Something draws strength from your injuries!
You hit something but do no damage. Something draws life force from you!
You hit something but do no damage. Something hits you!
* * * LOW HITPOINT WARNING * * *
Something bites you but does no damage.
The howler monkey skeleton hits you but does no damage.
Your iron imp hits the howler monkey skeleton.
Casting: Shock (safe; 2% risk of failure)
Confirm with . or Enter, or press ? or * to list all spells.
Aiming: Airstrike (dangerous; 11% risk of failure)
Press: ? - help, Dir - move target You miscast Airstrike.
You are very lightly contaminated with residual magic.
You are blasted with air!
* * * LOW HITPOINT WARNING * * *
Something hits you but does no damage. Something bites you.
* * * LOW HITPOINT WARNING * * *
Something draws strength from your injuries!
The howler monkey skeleton is struck by your spines.
The howler monkey skeleton hits you but does no damage.
Your iron imp hits the howler monkey skeleton.
Casting: Airstrike (dangerous; 11% risk of failure)
Confirm with . or Enter, or press ? or * to list all spells.
Aiming: Airstrike (dangerous; 11% risk of failure)
Press: ? - help, Dir - move target The air twists around and strikes something.
Something hits you!
You die...

#......# #..##..#
# #..##..# #.
#..##..# #..
#..###># ...
#..###.### # ..
#..#.....#
#...#.###..#.#.#.#
.....5Z@{..#.#.#.#
#...#.####.......#
# #
#..............
#...#.....#####
#...#........
#.............
#...#..........
#...#..........
#.. #.....#####


You could see a howler monkey skeleton (ally target) and a friendly iron imp
(summoned).

Vanquished Creatures
  Grinder (D:4)
  5 yaks (D:6)
  An ice beast (D:5)
  An orc warrior (D:5)
  2 black bears
  A bullfrog (D:5)
  A water moccasin zombie (D:5)
  3 scorpions
  5 wights (D:6)
  2 howler monkeys (D:5)
  A bullfrog zombie (D:5)
  A jelly (D:4)
  A bullfrog skeleton (D:5)
  An orc priest (D:5)
  Terence (D:2)
  2 iguanas
  2 orc wizards
  A hound zombie (D:5)
  A hound skeleton (D:5)
  7 gnolls
  7 adders
  A shadow imp (D:6)
  A white imp (D:5)
  An ufetubus (D:5)
  4 worms
  2 dart slugs
  14 orcs
  6 endoplasms
  3 giant cockroaches
  20 goblins
  7 hobgoblins
  2 jackals (D:3)
  3 kobolds (D:1)
  6 quokkas
  7 ball pythons
  3 bats (D:1)
  2 frilled lizards (D:2)
  8 rats
137 creatures vanquished.

Vanquished Creatures (collateral kills)
  Robin (D:2)
  3 goblins (D:2)
  A hobgoblin (D:2)
5 creatures vanquished.

Grand Total: 142 creatures vanquished

Notes
Turn   | Place    | Note
-------+----------+-------------------------------------------
     0 | D:1      | Essalna the Demonspawn Air Elementalist began the quest for
                  | the Orb.
     0 | D:1      | Reached XP level 1. HP: 13/13 MP: 3/3
   471 | D:1      | Gained mutation: You are partially covered in sharp spines.
                  | [demonic ancestry]
   471 | D:1      | Reached XP level 2. HP: 19/19 MP: 0/5
   672 | D:1      | Reached skill level 3 in Air Magic
   962 | D:1      | Reached XP level 3. HP: 24/24 MP: 0/6
  1281 | D:2      | Noticed Terence
  1343 | D:2      | Killed Terence
  1481 | D:2      | Found Cuted's Assorted Antiques.
  1494 | D:2      | Gained mutation: A weak demonic guardian rushes to your
                  | aid. [demonic ancestry]
  1494 | D:2      | Reached XP level 4. HP: 31/31 MP: 2/8
  1682 | D:2      | Noticed Robin
  1695 | D:2      | Killed Robin
  1876 | D:2      | Reached skill level 1 in Fighting
  1913 | D:2      | Learned a level 4 spell: Airstrike
  1917 | D:2      | Learned a level 3 spell: Swiftness
  1991 | D:2      | Reached skill level 1 in Armour
  2662 | D:3      | Reached XP level 5. HP: 37/37 MP: 5/9
  2953 | D:3      | Found a stormy altar of Qazlal.
  3377 | D:3      | Reached XP level 6. HP: 42/44 MP: 2/10
  3787 | D:4      | Noticed Grinder
  3803 | D:4      | Killed Grinder
  4025 | D:4      | Reached skill level 4 in Air Magic
  4144 | D:4      | Gained mutation: You are mostly covered in sharp spines.
                  | [demonic ancestry]
  4144 | D:4      | Reached XP level 7. HP: 41/51 MP: 8/12
  4302 | D:5      | Entered Level 5 of the Dungeon
  4682 | D:5      | Found a runed translucent door.
  4694 | D:5      | Reached XP level 8. HP: 12/58 MP: 1/14
  4701 | D:5      | Noticed fly's ghost (weakling MfDe)
  5266 | D:5      | Reached skill level 5 in Air Magic
  5697 | D:5      | Found a runed translucent door.
  5748 | D:5      | Identified a scroll of acquirement
  5748 | D:5      | Acquired a +2 cloak of poison resistance
  6186 | D:6      | Reached skill level 5 in Spellcasting
  6333 | D:6      | Reached skill level 5 in Fighting
  6333 | D:6      | Reached skill level 5 in Dodging
  6333 | D:6      | Gained mutation: You have a pair of small antennae on your
                  | head. [demonic ancestry]
  6333 | D:6      | Reached XP level 9. HP: 47/68 MP: 4/17
  6341 | D:6      | Reached skill level 6 in Air Magic
  6994 | D:6      | Slain by a vampire

Illustrated notes

Levels and vault maps discovered:
D:1:      onia_arrival_handbag, layout_rooms, serial_aquarium,
          aquarium_bridge_square [aquarium_subvault_bridge,
          aquarium_subvault_wall, aquarium_subvault_bridge,
          aquarium_subvault_bridge], aquarium_bridge_long_separate
          [aquarium_subvault_bridge, aquarium_subvault_bridge,
          aquarium_subvault_wall, aquarium_subvault_bridge,
          aquarium_subvault_window, aquarium_subvault_wall], aquarium_window_1,
          aquarium_window_corner, aquarium_window_double, aquarium_window_fake,
          aquarium_view_2e, aquarium_view_2d, aquarium_balcony_double_1,
          minmay_split_cup_small
D:2:      minmay_door_path, layout_loops_ring, serial_shops,
          nicolae_shop_waterfront, wander_ebering_terrifying_dragon_lair,
          uniq_terence, uniq_robin
D:3:      layout_basic, grunt_qazlal_sundering
D:4:      layout_rooms, kennysheep_donut, uniq_grinder
D:5:      minmay_spotlight, layout_loops_ring, ebering_ghost_sewer_f,
          minmay_large_rounded_square
D:6:      layout_basic

Skill      XL: |  1  2  3  4  5  6  7  8  9 |
---------------+----------------------------+-----
Air Magic      | 3 4 5 6 |  6.0
Conjurations   | 2 3 |  3.0
Dodging        | 2 3 5 |  5.3
Fighting       | 1 2 3 5 |  5.4
Armour         | 1 2 3 |  3.0
Spellcasting   | 3 4 5 |  5.7
Stealth        | |  1.7

Action                   |  1- 3 |  4- 6 |  7- 9 || total
-------------------------+-------+-------+-------++-------
Melee: Unarmed           |     6 |       |       ||     6
       Dagger            |     6 |       |       ||     6
       Short sword       |       |    41 |    56 ||    97
 Cast: Shock             |    54 |   104 |   113 ||   271
       Airstrike         |       |       |     3 ||     3
  Use: Scroll            |       |       |    13 ||    13
 Stab: Sleeping          |       |     3 |     2 ||     5
Armor: Robe              |     5 |       |       ||     5
       Leather armour    |       |    12 |    14 ||    26
Dodge: Dodged            |    14 |    19 |    47 ||    80

Table legend: (Time is in decaauts)
 A = Elapsed time spent in this place.
 B = Non-inter-level travel time spent in this place.
 C = Inter-level travel time spent in this place.
 D = Time resting spent in this place.
 E = Time spent auto-exploring this place.
 F = Levels seen in this place.
 G = Mean time per level.
                   A        B        C        D        E       F      G
               +--------+--------+--------+--------+--------+-----+--------+
         Total |   7000 |   6876 |    124 |      0 |   5883 |   6 | 1166.7 |
       Dungeon |   7000 |   6876 |    124 |      0 |   5883 |   6 | 1166.7 |
               +--------+--------+--------+--------+--------+-----+--------+

Top non-repeatable levels by time:
     D:5: 1744 daAuts
     D:2: 1273 daAuts
     D:1: 1258 daAuts
     D:3: 1114 daAuts
     D:6: 951 daAuts
     D:4: 658 daAuts
